AoeStats
← ltjhoward

Black Forest

509968709Analyzed
2v2 RM · 4d ago on Sep 28, 2026· 50m 46s· 4 players
Game mode
Random Map
Map size
Medium (4 player)
Population
200
Speed
Normal
Resources
Standard
Victory
Conquest
Starting age
Dark Age
Ending age
Imperial Age
RankedLock teamsTeams togetherTeam positionsShared explorationLock speedFull tech treeHidden civsTurbo modeCheats
Victory
Defeat
🇺🇸 Vietnamese · United States
1000
+15
🇺🇸 Franks · United States
979
+16
🇪🇸 Gurjaras · Spain
1004
-16
🇺🇸 Celts · United States
959
-15
GooglyFi
2:15 Loom
11:56 Feudal Age
12:00 Feudal Age
14:42 Double-Bit Axe
17:05 Castle Age
15:46 Stone Mining
15:46 Gold Mining
20:38 Wheelbarrow
28:33 Scale Mail Armor
28:41 Scale Barding Armor
28:46 Forging
29:24 Husbandry
32:24 Imperial Age
31:08 Fortified Wall
31:44 Bow Saw
34:21 Chemistry
33:36 Masonry
33:53 Conscription
34:10 Hoardings
34:22 Cavalier
36:52 Caravan
38:14 Chain Barding Armor
38:29 Iron Casting
40:32 Onager
41:41 Paladin
49:30 Plate Barding Armor
49:55 Blast Furnace
ltjhoward
1:18 Loom
13:19 Feudal Age
17:43 Castle Age
15:49 Horse Collar
16:28 Double-Bit Axe
17:02 Stone Mining
17:44 Town Watch
19:54 Bow Saw
23:04 Fletching
25:08 Heavy Plow
27:21 Bodkin Arrow
28:29 Gold Mining
29:16 Padded Archer Armor
30:16 Ballistics
33:23 Imperial Age
35:33 Caravan
37:11 Wheelbarrow
36:37 Town Patrol
37:59 Two-Man Saw
37:22 Bracer
38:39 Chemistry
37:51 Masonry
37:40 Elite Rattan Archer
40:55 Paper Money
41:11 Hoardings
41:02 Squires
41:50 Siege Engineers
42:29 Leather Archer Armor
42:15 Scale Mail Armor
42:26 Forging
44:26 Elite Fire Lancer
45:42 Ring Archer Armor
45:28 Chain Mail Armor
45:49 Iron Casting
TheJustice
0:26 Loom
10:55 Feudal Age
11:40 Double-Bit Axe
16:26 Castle Age
18:39 Horse Collar
19:00 Gold Mining
21:26 Wheelbarrow
20:37 Town Watch
21:46 Bow Saw
22:54 Stone Mining
24:55 Gold Shaft Mining
25:49 Heavy Plow
31:15 Imperial Age
29:27 Fortified Wall
33:31 Heavy Scorpion
34:25 Siege Engineers
35:21 Chemistry
34:44 Ballistics
35:45 Conscription
35:59 Furor Celtica
37:52 Murder Holes
38:09 Masonry
39:38 Hand Cart
41:31 Capped Ram
43:20 Scale Mail Armor
43:14 Fletching
43:50 Bodkin Arrow
44:15 Scale Mail Armor
45:07 Forging
45:13 Chain Mail Armor
46:34 Pikeman
47:55 Plate Mail Armor
Ortegasmo 14
1:07 Loom
12:20 Feudal Age
16:14 Wheelbarrow
18:58 Castle Age
16:57 Double-Bit Axe
17:10 Fishing Lines
17:31 Horse Collar
21:42 Gold Mining
21:42 Stone Mining
23:55 Bow Saw
25:35 Gillnets
26:55 Hand Cart
26:27 Town Watch
30:21 Fletching
33:09 Imperial Age
31:06 Forging
30:57 Scale Mail Armor
32:36 Iron Casting
Connection lost

Rejoining the realm…

Still unreachable

The connection could not be restored.

Session expired

The server has moved on; the page needs a fresh start.